 Dungeon Sprint DCSS version 0.31-a0-949-g57150269e1 (webtiles) character file.

Game seed: 8505103826737199489

2 sircluck the Ruffian (level 1, -1/22 HPs)
             Began as a Troll Berserker on Oct 22, 2023.
             Was a Follower of Trog.
             Slain by a cane toad (21 damage)
             ... in the Dungeon (Sprint VII: "The Pits").
             The game lasted 00:00:27 (161 turns).

sircluck the Ruffian (Troll Berserker)               Turns: 161, Time: 00:00:28

Health: -1/22      AC:  4    Str: 24    XL:     1   Next: 25%
Magic:  0/0        EV: 10    Int:  3    God:    Trog [*.....]
Gold:   0          SH:  0    Dex:  9    Spells: 0/0 levels left

rFire   . .          .
                       - Unarmed
rCold   . . .        (no shield)
rNeg    . . .        a - +0 animal skin
rPois   .            (helmet restricted)
rElec   .            (no cloak)
rCorr   .            (gloves unavailable)
SInv    .            (boots unavailable)
Will    .....        (no amulet)
Stlth   +            (no ring)
HPRegen 1.03/turn    (no ring)
MPRegen 0.07/turn

%: no teleportation
@: confused, on berserk cooldown, slowed, very slow
A: large, unfitting armour, claws 3, regeneration 1, shaggy fur 1, tough skin 1
a: Renounce Religion, Berserk


You were in the Dungeon.
You worshipped Trog.
Trog was aware of your devotion.
You visited 1 branch

Inventory:

Armour
 a - a +0 animal skin (worn)
Scrolls
 g - a scroll of blinking
Potions
 b - a potion of curing
 c - a potion of heal wounds
 d - a potion of haste
 e - 2 potions of magic
 f - a potion of berserk rage


   Skills:
 + Level 2.7 Fighting
 + Level 2.7 Dodging
 + Level 3.3 Unarmed Combat


You couldn't memorise any spells.
You didn't know any spells.
Your spell library was empty.

Dungeon Overview and Level Annotations

Branches:
Dungeon (1/1)

Altars:


Innate Abilities, Weirdness & Mutations

You are too large for most types of armour.
You have claws for hands.
Your natural rate of healing is unusually fast.
You are covered in fur. (AC +1)
You have tough skin. (AC +1)


Message History

You are engulfed in noxious fumes.
You choke on the stench!
You are confused.
You feel sick.
You scratch the swamp drake.
The swamp drake is lightly wounded.
You are engulfed in noxious fumes.
You choke on the stench!
You are more confused.
You feel sick. The swamp drake breathes poison at you.
The noxious blast misses you.
You are engulfed in noxious fumes.
You choke on the stench!
You are more confused.
Unknown command.
You feel a strong urge to attack something.
You are engulfed in noxious fumes.
You choke on the stench!
You are more confused.
You feel sick.
You are no longer poisoned.
You are no longer berserk.
You are exhausted.
You feel yourself slow down. The swamp drake breathes poison at you.
The noxious blast engulfs you but does no damage.
You are poisoned.
The basilisk is engulfed in noxious fumes.
The basilisk appears confused.
The basilisk completely misses the swamp drake.
The basilisk bites itself!
You bump into the metal wall.
You are engulfed in noxious fumes.
You choke on the stench!
You are more confused.
You feel sick.
You miss the cane toad.
You are engulfed in noxious fumes.
You choke on the stench!
You are more confused.
You feel sick.
You are no longer poisoned.
The cane toad stings you!!
Ouch! That really hurt!
You die...

..# r.# ######### ..#
....##..# ..#
....##..# ..#
....''..# ..#
....''..##########k.#
....##...)....°°@Fl.#
....##........°°°°..#
#####################


You could see a cane toad, a basilisk (confused) and a swamp drake (catching
breath).

Vanquished Creatures
  An orc (D)
1 creature vanquished.

Notes
Turn   | Place    | Note
-------+----------+-------------------------------------------
     0 | D        | sircluck the Troll Berserker began the quest for the Orb.
     0 | D        | Reached XP level 1. HP: 22/22 MP: 0/0
    26 | D        | Noticed a cane toad
   149 | D        | Noticed a basilisk
   149 | D        | Noticed a swamp drake
   149 | D        | Noticed a hell rat
   161 | D        | Slain by a cane toad

Illustrated notes

Levels and vault maps discovered:
D:        pitsprint [storerooms_1, entrance_room_1, metal_vault_6, armoury_2,
          mini_pit_1, grid_room_1, main_hall_1, silver_pit, the_coven_3,
          the_vestibule_1, steel_vault_4, golden_pit, hallway_of_sentries,
          crystal_vault_3, iron_vault_2, final_vault]

Action                     || total
---------------------------++-------
  Melee: Unarmed           ||     5
 Invoke: Berserk           ||     1
 Armour: Animal skin       ||     3
  Dodge: Dodged            ||     1

Table legend: (Time is in decaauts)
 A = Elapsed time spent in this place.
 B = Non-inter-level travel time spent in this place.
 C = Inter-level travel time spent in this place.
 D = Time resting spent in this place.
 E = Time spent auto-exploring this place.
 F = Levels seen in this place.
 G = Mean time per level.
                   A        B        C        D        E       F      G
               +--------+--------+--------+--------+--------+-----+--------+
         Total |    159 |    159 |      0 |    102 |      0 |   1 |  159.0 |
       Dungeon |    159 |    159 |      0 |    102 |      0 |   1 |  159.0 |
               +--------+--------+--------+--------+--------+-----+--------+

Top non-repeatable levels by time:
       D: 159 daAuts
